Map: Corrosion EC

Players

Kennedee

  • Race: Zerg Zerg
  • League: Platinum
  • Spawn Location: 11:00

HoldTheDoor - Winner!

  • Race: Protoss Protoss
  • League: Diamond
  • Spawn Location: 5:00

VOD

Have the link to the VOD?

Description

Time

  • Played on: July 7, 2018, 2:36 p.m.
  • Length: 6:12
Show
View Real Time Build Order
Export as new Build Order

Kennedee Zerg 

Build Orders: Pool First 

Get SALT Encoding   

  12  0:01  Drone  
  13  0:12  Overlord  
  13  0:18  Drone  
  14  0:30  Drone x2  
  14  0:34  Drone  
  17  0:47  Spawning Pool  
  16  0:50  Drone  
  17  1:16  Hatchery  
  16  1:21  Drone  
  16  1:24  Extractor  
  16  1:40  Zergling x2  
  16  1:41  Queen, Zergling x4  
  21  2:00  Drone  
  22  2:30  Queen  
  22  2:31  Queen  
  22  2:33  Overlord  
  22  2:35  Overlord  
  26  2:45  Metabolic Boost  
  26  3:00  Overlord  
  26  3:09  Hatchery  
  25  3:14  Drone x2  
  25  3:15  Drone  
  25  3:18  Drone x2  
  30  3:37  Zergling x8  
  30  3:39  Zergling x2  
  35  3:47  Baneling Nest  
  34  3:54  Lair  
  34  4:00  Drone  
  34  4:01  Drone  
  35  4:27  Queen  
  35  4:30  Baneling  
  35  4:31  Baneling x4  
  37  4:34  Zergling x10  
  38  4:49  Zergling x2  
  38  4:50  Zergling x10  
  41  5:06  Roach Warren  
  36  5:16  Spore Crawler  
  36  5:18  Spore Crawler  
  30  5:29  Baneling x4  
  30  5:30  Baneling x2  
  30  5:31  Zergling x6  
Show
View Real Time Build Order
Export as new Build Order

HoldTheDoor Protoss - Winner!

Build Orders: Oracle Opening, Mass Adepts 

Get SALT Encoding   

  12  0:01  Probe  
  13  0:13  Probe  
  14  0:17  Pylon  
  14  0:25  Probe  
  15  0:36  Probe  
  15  0:39  Gateway  
  16  0:44  Probe  
  16  0:46  Assimilator  
  17  0:52  Probe  
  18  1:13  Probe  
  18  1:14  Assimilator  
  18  1:17  Gateway  
  19  1:25  Probe  
  20  1:35  Pylon  
  20  1:37  Cybernetics Core, Probe  
  20  1:38  Zealot  
  23  1:57  Probe  
  24  2:04  Pylon  
  24  2:09  Probe  
  24  2:13  Warp Gate  
  24  2:14  Adept  
  24  2:15  Sentry  
  28  2:22  Probe  
  29  2:26  Pylon  
  29  2:41  Adept  
  31  2:44  Adept  
  31  2:46  Probe  
  34  3:02  Stargate  
  34  3:03  Gateway  
  34  3:06  Pylon  
  34  3:12  Adept  
  36  3:17  Adept  
  38  3:41  Oracle  
  38  3:42  Nexus  
  41  4:09  Probe  
  42  4:19  Pylon  
  42  4:21  Probe  
  43  4:28  Adept x2  
  47  4:34  Pylon  
  47  4:37  Probe  
  42  4:53  Adept x3  
  48  5:00  Void Ray  
  47  5:30  Adept x3  
  47  5:34  Probe  
  54  5:37  Probe  
  55  5:46  Probe  
  55  5:47  Pylon  
  55  5:48  Assimilator  
  55  5:49  Probe  
  57  5:58  Probe  
  54  6:09  Adept x2  
  54  6:10  Adept  
Tags
 
Add a new tag
Caveats
  • Supply blocks, unpowered buildings, or Contaminate may cause inaccurate times.
  • Supply counts are checked every 10 seconds.